 Dungeon Crawl Stone Soup version 0.29-a0-598-gd8304a5bf4 (console) character file.

Game seed: 4043965023876785636

330 om the Ducker (level 6, -1/47 HPs)
             Began as a Merfolk Gladiator on June 15, 2022.
             Was a High Priest of Ignis.
             Slain by an orc wizard
             ... wielding a +0 dagger
              (2 damage)
             ... on level 3 of the Dungeon.
             The game lasted 00:08:15 (3832 turns).

om the Ducker (Merfolk Gladiator)                   Turns: 3832, Time: 00:08:16

Health: -1/47      AC:  4    Str: 16    XL:     6   Next: 51%
Magic:  0/9        EV: 15    Int:  8    God:    Ignis [*****.]
Gold:   107        SH:  0    Dex: 15    Spells: 9/9 levels left

rFire   + . .      SeeInvis .   a - +0 trident
rCold   . . .      Faith    .   (no shield)
rNeg    . . .      Spirit   +   b - +0 leather armour
rPois   .          Reflect  .   c - +0 helmet
rElec   .          Harm     .   (no cloak)
rCorr   .          Rampage  .   (no gloves)
Will    .....                   (no boots)
Stlth   +.........              h - amulet of guardian spirit
HPRegen 0.15/turn               (no ring)
MPRegen 0.11/turn               (no ring)

@: no status effects
A: (nimble swimmer 2), mertail
a: Renounce Religion, Fiery Armour, Foxfire Swarm, Rising Flame


You were on level 3 of the Dungeon.
You worshipped Ignis.
Ignis was extremely pleased with you.
You visited 1 branch of the dungeon, and saw 4 of its levels.

You collected 107 gold pieces.

Inventory:

Hand Weapons
 a - a +0 trident (weapon)
Missiles
 d - 5 throwing nets (quivered)
 e - a javelin
Armour
 b - a +0 leather armour (worn)
 c - a +0 helmet (worn)
 f - a +0 ring mail
Jewellery
 h - an amulet of guardian spirit (around neck)
Scrolls
 j - 2 scrolls of teleportation {unknown}
 k - a scroll of identify
 q - a scroll of immolation {unknown}
 s - 2 scrolls of magic mapping {unknown}
Potions
 g - a potion of ambrosia
 i - 4 potions of curing
 l - a potion of flight {unknown}
 m - a potion of lignification {unknown}
 n - a potion of resistance {unknown}
 o - a potion of invisibility
 p - a potion of brilliance {unknown}
 r - 2 potions of mutation {unknown}
 t - a potion of degeneration {unknown}
 u - a potion of heal wounds {unknown}


   Skills:
 - Level 3.0 Fighting
 + Level 5.7 Polearms
 - Level 2.0 Throwing
 * Level 7.1 Dodging
 * Level 2.1 Spellcasting


You had 9 spell levels left.
You didn't know any spells.
Your spell library contained the following spells:

 Spells                   Type           Power      Damage    Failure   Level
 Scorch                   Fire           0%         2d5       54%         2
 Sublimation of Blood     Necr           0%         N/A       54%         2
 Wereblood                Tmut           0%         N/A       54%         2
 Summon Guardian Golem    Hex/Summ       0%         N/A       78%         3
 Flame Wave               Conj/Fire      0%         2d4       99%         4
 Summon Cactus Giant      Summ           0%         N/A       100%        6
 Orb of Destruction       Conj           0%         9d5       100%        7
 Spellforged Servitor     Conj/Summ      0%         N/A       100%        7
 Summon Hydra             Summ           0%         N/A       100%        7


Dungeon Overview and Level Annotations

Branches:
Dungeon (4/15)
 Temple: D:4-7

Altars:
Ignis

Shops:
D:1 !


Innate Abilities, Weirdness & Mutations

((You are very nimble when in or above water. (Stealth+, EV+, Speed+++)))
Your lower body shifts to a powerful aquatic tail in water.


Message History

The jackal barely misses you. The jackal closely misses you.
The orc wizard hits you with a +0 dagger.
* * * LOW HITPOINT WARNING * * *
The orc wizard attacks as you move away!
The orc wizard barely misses you.
The orc wizard attacks as you move away!
The orc wizard misses you. The jackal misses you.
There is a stone staircase leading up here.
The jackal closely misses you.
The orc wizard hits you with a +0 dagger.
* * * LOW HITPOINT WARNING * * *
You climb upwards.
There is a stone staircase leading down here.
The jackal attacks as you move away!
The jackal bites you but does no damage.
The jackal attacks as you move away!
The jackal bites you but does no damage.
The jackal closely misses you. The jackal misses you.
You hit the jackal. You punch the jackal, but do no damage.
The jackal is almost dead.
The jackal closely misses you.
You puncture the jackal!
You kill the jackal!
The orc wizard casts a spell at you. The magic dart hits you.
* * * LOW HITPOINT WARNING * * *
You swing at nothing.
You hit the orc wizard but do no damage.
The orc wizard is severely wounded.
The orc wizard hits you but does no damage.
You closely miss the orc wizard.
The orc wizard is severely wounded.
The orc wizard casts a spell at you. The magic dart hits you!
* * * LOW HITPOINT WARNING * * *
You closely miss the orc wizard.
The orc wizard is severely wounded.
The orc wizard hits you with a +0 dagger.
You die...

############### #..o@.........#
##########.###########.#######
#.........>#########..........
##.#######......รท.....#.######.
###...# #.############.######.
....#.# ##.## #.....##.
###...#####...# #####.##.
#....>.......# #.##.
#.########...# ##.##. #.# #####
#..... #.# #..##.


You could see an orc wizard.

Vanquished Creatures
  A phantom (D:3)
  An orc wizard (D:3)
  Natasha (thrice) (D:2)
  5 gnolls
  4 adders
  2 worms
  2 dart slugs
  7 orcs
  6 ball pythons
  4 endoplasms
  A giant cockroach (D:2)
  7 goblins
  8 hobgoblins
  A jackal (D:3)
  4 bats
  3 frilled lizards
  4 kobolds
  5 rats
68 creatures vanquished.

Vanquished Creatures (others)
  5 withered plants (D:1)
5 creatures vanquished.

Grand Total: 73 creatures vanquished

Notes
Turn   | Place    | Note
-------+----------+-------------------------------------------
     0 | D:1      | om the Merfolk Gladiator began the quest for the Orb.
     0 | D:1      | Reached XP level 1. HP: 16/16 MP: 1/1
   116 | D:1      | Found a faded altar of an unknown god.
   135 | D:1      | Reached XP level 2. HP: 12/23 MP: 0/2
   184 | D:1      | Prayed at the altar of an unknown god.
   184 | D:1      | Became a worshipper of Ignis, the Dying Flame
   519 | D:1      | Found Jonaum's Distillery.
   556 | D:1      | Reached XP level 3. HP: 22/28 MP: 1/3
  1130 | D:2      | Reached skill level 5 in Dodging
  1335 | D:2      | Noticed Natasha
  1351 | D:2      | Killed Natasha
  1352 | D:2      | Reached XP level 4. HP: 23/35 MP: 1/4
  1392 | D:2      | Noticed Natasha
  1404 | D:2      | Killed Natasha
  1405 | D:2      | Reached skill level 5 in Polearms
  1533 | D:2      | Reached skill level 6 in Dodging
  1578 | D:2      | Noticed Natasha
  1595 | D:2      | Killed Natasha
  1596 | D:2      | Reached XP level 5. HP: 29/41 MP: 5/5
  2466 | D:3      | Reached skill level 1 in Spellcasting
  2871 | D:3      | Noticed a phantom
  2881 | D:3      | Killed a phantom
  2882 | D:3      | Reached skill level 7 in Dodging
  2882 | D:3      | Reached XP level 6. HP: 38/47 MP: 4/8
  3831 | D:3      | HP: 1/47 [orc wizard/magic dart (4)]
  3832 | D:3      | Slain by an orc wizard

Illustrated notes

Levels and vault maps discovered:
D:1:      heliophobic_arrival_ceremonial_halls, layout_basic,
          shapermc_ecumenical_altar_flowoftime, serial_shops,
          nicolae_square_shop, st_stairs_12, minmay_misc_feat_nine_boxes,
          minmay_pentomino_w4
D:2:      layout_basic, kennysheep_cluttered_room, st_stairs_11, uniq_natasha
D:3:      layout_loops_ring
D:4:      layout_rooms

Skill      XL: |  1  2  3  4  5  6 |
---------------+-------------------+-----
Dodging        | 5 6 7 |  7.1
Fighting       | 3 |  3.0
Polearms       | 5 |  5.7
Spellcasting   | 1 2 |  2.1
Throwing       | |  2.0

Action                   |  1- 3 |  4- 6 || total
-------------------------+-------+-------++-------
Melee: Trident           |   112 |   188 ||   300
       Punch             |     1 |     4 ||     5
Throw: Throwing net      |     1 |       ||     1
  Use: Potion            |     2 |     3 ||     5
       Scroll            |     4 |     1 ||     5
 Stab: Sleeping          |     2 |       ||     2
Armor: Leather armour    |    24 |    26 ||    50
Dodge: Dodged            |    75 |   145 ||   220

Table legend: (Time is in decaauts)
 A = Elapsed time spent in this place.
 B = Non-inter-level travel time spent in this place.
 C = Inter-level travel time spent in this place.
 D = Time resting spent in this place.
 E = Time spent auto-exploring this place.
 F = Levels seen in this place.
 G = Mean time per level.
                   A        B        C        D        E       F      G
               +--------+--------+--------+--------+--------+-----+--------+
         Total |   3851 |   3704 |    147 |    728 |   2338 |   4 |  962.8 |
       Dungeon |   3851 |   3704 |    147 |    728 |   2338 |   4 |  962.8 |
               +--------+--------+--------+--------+--------+-----+--------+

Top non-repeatable levels by time:
     D:2: 1714 daAuts
     D:1: 1080 daAuts
     D:3: 1005 daAuts
     D:4: 51 daAuts
